 Dungeon Crawl Stone Soup version 0.31-a0-604-g8e0283293c (webtiles) character file.

Game seed: 4530717238127557758

1075 Dirtsage the Changeling (level 8, -1/53 HPs)
             Began as an Octopode Shapeshifter on Aug 21, 2023.
             Killed from afar by an electric eel (12 damage)
             ... with a bolt of electricity
             ... on level 6 of the Dungeon.
             The game lasted 00:13:42 (4662 turns).

Dirtsage the Changeling (Octopode Shapeshifter)     Turns: 4662, Time: 00:13:42

Health: -1/53      AC:  1    Str: 14    XL:     8   Next: 29%
Magic:  8/8        EV: 13    Int: 13    God:
Gold:   266        SH:  0    Dex: 18    Spells: 7/7 levels left

rFire   + .          .
                       - Unarmed
rCold   . . .        (shield currently unavailable)
rNeg    . . .        (helmet restricted)
rPois   .            (no amulet)
rElec   .            j - +6 ring of dexterity
rCorr   .            d - ring of flight
SInv    .            F - ring of protection from fire
Will    .....        (no ring)
Stlth   ++           (no ring)
HPRegen 0.28/turn    (no ring)
MPRegen 0.11/turn    (no ring)
                     (no ring)

%: no passive effects
@: flux-form, flying, glowing
A: glow, contaminating, almost no armour, amphibious, 8 rings, camouflage 1,
gelatinous body 1, nimble swimmer 1, tentacles
a: Begin Untransformation


You were on level 6 of the Dungeon.
You were something dangerously unstable.
You visited 1 branch of the dungeon, and saw 6 of its levels.

You collected 266 gold pieces.

Inventory:

Magical Staves
 e - a staff of earth
 r - a staff of air
Jewellery
 d - a ring of flight (right tentacle)
 j - a +6 ring of dexterity (left tentacle)
 F - a ring of protection from fire (on tentacle)
Talismans
 b - a beast talisman
 c - a flux talisman (active)
Wands
 u - a wand of mindburst (4)
Scrolls
 g - 3 scrolls of fear
 h - a scroll of noise {unknown}
 i - 2 scrolls of identify
 k - a scroll of revelation {unknown}
 l - 2 scrolls of immolation
 m - a scroll of butterflies
 o - a scroll of torment
 p - a scroll of silence
 s - 3 scrolls of fog {unknown}
 t - 3 scrolls of teleportation
Potions
 a - a potion of heal wounds {unknown}
 f - a potion of enlightenment {unknown}
 n - a potion of resistance {unknown}
 q - 2 potions of curing
 v - a potion of mutation {unknown}


   Skills:
 + Level 3.6 Fighting
 - Level 2.0 Dodging
 + Level 4.9 Unarmed Combat
 + Level 7.2 Shapeshifting


You had 7 spell levels left.
You didn't know any spells.
Your spell library contained the following spells:

 Spells                   Type           Power      Damage    Failure   Level
 Magic Dart               Conj           0%         1d3       30%         1
 Searing Ray              Conj           0%         2d4       43%         2
 Fulminant Prism          Conj/Hex       0%         3d5       97%         4


Dungeon Overview and Level Annotations

Branches:
Dungeon (6/15)
 Temple: D:4-7

Altars:

Shops:
D:4 :


Innate Abilities, Weirdness & Mutations

You are something dangerously unstable.
You glow with magical radiation, making you easy to see and hit.
Foes you strike become dangerously contaminated with magical radiation.
You are incapable of wielding weapons or throwing items.
You cannot wear most types of armour.
You are amphibious.
You can wear up to eight rings at the same time.
Your skin changes colour to match your surroundings (Stealth+).
Your rubbery body absorbs attacks. (AC +1, EV +1)
You are camouflaged when in or above water. (Stealth+)
You have tentacles for arms and can constrict up to eight enemies at once.


Message History

The electric eel shoots out a bolt of lightning at you!
The bolt of electricity misses you.
You see here 19 gold pieces.
You tentacle-slap the scorpion.
The scorpion begins to glow.
You grab the scorpion. You squeeze the scorpion.
The scorpion is heavily wounded.
You constrict the scorpion. The scorpion stings you.
You take 4 damage, and have 39/52 hp.
You tentacle-slap the scorpion but do no damage.
The scorpion glows dangerously bright.
You squeeze the scorpion.
The scorpion is severely wounded.
You constrict the scorpion. The scorpion stings you.
You take 1 damage, and have 38/52 hp.
You tentacle-slap the scorpion.
The scorpion shudders as magic cascades through it!
You kill the scorpion!
You start resting.
HP restored.
Health restored: 53 You see here a scorpion corpse.
The electric eel shoots out a bolt of lightning at you!
The bolt of electricity hits the plant!
The plant begins to die.
The bolt of electricity hits you!
You take 12 damage, and have 41/53 hp.
MASSIVE DAMAGE!!
You see here a scorpion corpse.
A nearby plant withers and dies.
The electric eel shoots out a bolt of lightning at you!
The bolt of electricity hits you! x2
You take 22 damage, and have 20/53 hp.
MASSIVE DAMAGE!!
You see here a hound corpse.
The electric eel shoots out a bolt of lightning at you!
The bolt of electricity hits you!
* * * LOW HITPOINT WARNING * * *
You take 10 damage, and have 10/53 hp.
You tentacle-slap the electric eel but do no damage.
The electric eel begins to glow.
You grab the electric eel. You constrict the electric eel.
The electric eel shoots out a bolt of lightning at you!
The bolt of electricity hits you!
You die...

#....####.#.#.#
...(..#####.#.#.#
#.............#.# ###
#....######.#.#.#...
..#...........#.#.#####
>......♣P...$..........
.#...P~~.♣...#†#.####
#~~~P~S†###.#
♣~~~~.B...#.#
...~~~~~P#.#.#
..~.~≈.~.#.#.#
.P~~≈~~~.# #.#
#.~~≈~~~.# #.#
##~~~~~~.# #..
#.~~~.~..# ###
##P~~~P.##


You could see an electric eel (contam).

Vanquished Creatures
  A sky beast (D:4)
  An ogre (D:5)
  2 bullfrogs (D:6)
  2 scorpions
  An electric eel (D:6)
  3 hounds
  An orc priest (D:5)
  A jelly (D:4)
  3 sleepcaps
  Natasha (thrice) (D:3)
  An iguana (D:4)
  Ijyb (D:5)
  4 orc wizards
  8 adders
  A shadow imp (D:5)
  2 white imps
  An ufetubus (D:5)
  A worm (D:3)
  A dart slug (D:2)
  11 orcs
  5 ball pythons
  4 endoplasms
  A giant cockroach (D:3)
  5 goblins
  9 hobgoblins
  4 jackals (D:3)
  6 kobolds
  3 quokkas
  4 bats
  A frilled lizard (D:1)
  4 rats
95 creatures vanquished.

Notes
Turn   | Place    | Note
-------+----------+-------------------------------------------
     0 | D:1      | Dirtsage the Octopode Shapeshifter began the quest for the
                  | Orb.
     0 | D:1      | Reached XP level 1. HP: 13/13 MP: 1/1
   222 | D:1      | Reached XP level 2. HP: 18/18 MP: 2/2
   855 | D:2      | Reached XP level 3. HP: 23/23 MP: 3/3
   869 | D:2      | Reached skill level 4 in Shapeshifting
  1223 | D:3      | Noticed Natasha
  1227 | D:3      | Killed Natasha
  1228 | D:3      | Reached XP level 4. HP: 19/28 MP: 4/4
  1363 | D:3      | Noticed Natasha
  1371 | D:3      | Killed Natasha
  1413 | D:3      | Reached XP level 5. HP: 33/33 MP: 5/5
  1444 | D:3      | Noticed Natasha
  1454 | D:3      | Killed Natasha
  1455 | D:3      | Reached skill level 5 in Shapeshifting
  2167 | D:4      | Noticed a sky beast
  2189 | D:4      | Killed a sky beast
  2190 | D:4      | Reached skill level 6 in Shapeshifting
  2190 | D:4      | Reached XP level 6. HP: 38/38 MP: 6/6
  2625 | D:4      | Found Oshram's Self-Published Books.
  2698 | D:4      | Reached XP level 7. HP: 21/43 MP: 7/7
  2878 | D:5      | Entered Level 5 of the Dungeon
  3146 | D:5      | Noticed Ijyb
  3152 | D:5      | Killed Ijyb
  3252 | D:5      | HP: 1/66 [ogre/+0 giant club (15)]
  4288 | D:6      | Reached XP level 8. HP: 47/51 MP: 8/8
  4314 | D:6      | Reached skill level 7 in Shapeshifting
  4662 | D:6      | Killed from afar by an electric eel

Illustrated notes

Levels and vault maps discovered:
D:1:      dpeg_arrival_shrine, layout_loops_ring, minmay_pentomino_v4
D:2:      layout_basic, kennysheep_doodads, minmay_misc_feat_plants
D:3:      layout_basic, uniq_natasha
D:4:      layout_rooms, nicolae_custom_books
D:5:      layout_basic, serial_bayou_ford_a, roderic_lattice_a, kennysheep_dice,
          uniq_ijyb
D:6:      layout_basic, ashenzari_conservatory_becter,
          minmay_temple_entry_purple_smoke, serial_bayou, serial_bayou_pond_c,
          serial_bayou_lagoon_a, serial_bayou_lagoon_b, serial_bayou_pond_b,
          lightli_corner_chamber

Skill      XL: |  1  2  3  4  5  6  7  8 |
---------------+-------------------------+-----
Shapeshifting  | 4 6 7 |  7.2
Fighting       | 2 3 |  3.6
Unarmed Combat | 4 |  4.9
Dodging        | |  2.0

Action                     |  1- 3 |  4- 6 |  7- 9 || total
---------------------------+-------+-------+-------++-------
  Melee: Unarmed           |    49 |    94 |    87 ||   230
         Constrict         |    15 |    21 |    30 ||    66
         Tentacles         |     9 |    25 |    34 ||    68
         Punch             |     1 |     2 |       ||     3
    Use: Scroll            |       |     6 |     1 ||     7
         Potion            |       |     1 |     2 ||     3
   Stab: Sleeping          |     9 |     7 |       ||    16
 Armour: Skin              |     2 |    12 |     1 ||    15
  Dodge: Dodged            |    25 |    37 |    41 ||   103
   Form: Flux              |       |     1 |       ||     1

Table legend: (Time is in decaauts)
 A = Elapsed time spent in this place.
 B = Non-inter-level travel time spent in this place.
 C = Inter-level travel time spent in this place.
 D = Time resting spent in this place.
 E = Time spent auto-exploring this place.
 F = Levels seen in this place.
 G = Mean time per level.
                   A        B        C        D        E       F      G
               +--------+--------+--------+--------+--------+-----+--------+
         Total |   4644 |   4469 |    175 |    313 |   3506 |   6 |  774.0 |
       Dungeon |   4644 |   4469 |    175 |    313 |   3506 |   6 |  774.0 |
               +--------+--------+--------+--------+--------+-----+--------+

Top non-repeatable levels by time:
     D:5: 1252 daAuts
     D:3: 909 daAuts
     D:4: 738 daAuts
     D:1: 676 daAuts
     D:2: 543 daAuts
     D:6: 523 daAuts
